 Dungeon Crawl Stone Soup version 0.28.0-53-g5a82cb258f (webtiles) character file.

Game seed: 15821826738338887469

156 Woods the Magician (level 5, -3/28 HPs)
             Began as a Deep Elf Air Elementalist on May 21, 2022.
             Killed from afar by Sigmund (11 damage)
             ... with a puff of flame
             ... on level 3 of the Dungeon.
             The game lasted 00:09:10 (3869 turns).

Woods the Magician (Deep Elf Air Elementalist)      Turns: 3869, Time: 00:09:10

Health: -3/28      AC:  5    Str:  5    XL:     5   Next: 14%
Magic:  3/13       EV: 13    Int: 22    God:
Gold:   247        SH:  0    Dex: 15    Spells: 2/12 levels left

rFire   . . .      SeeInvis .   (no weapon)
rCold   . . .      Faith    .   (no shield)
rNeg    . . .      Spirit   .   a - +0 robe
rPois   .          Reflect  .   (no helmet)
rElec   .          Harm     .   e - +2 cloak
rCorr   .          Rampage  .   (no gloves)
Will    .....                   (no boots)
Stlth   ++........              (no amulet)
HPRegen 0.09/turn               (no ring)
MPRegen 0.13/turn               (no ring)

@: no status effects
A: no striking features
a: no special abilities


You were on level 3 of the Dungeon.
You visited 1 branch of the dungeon, and saw 3 of its levels.

You collected 247 gold pieces.

Inventory:

Armour
 a - a +0 robe (worn)
 e - a +2 cloak (worn)
Jewellery
 c - a +4 ring of protection
 l - a +6 ring of dexterity
Scrolls
 b - 2 scrolls of teleportation {unknown}
 f - a scroll of blinking {unknown}
 g - a scroll of acquirement {unknown}
 h - a scroll of holy word {unknown}
 k - a scroll of immolation {unknown}
 m - a scroll of identify {unknown}
Potions
 d - 2 potions of degeneration {unknown}
 i - a potion of attraction {unknown}
 j - a potion of heal wounds {unknown}


   Skills:
 + Level 3.5 Dodging
 + Level 3.7 Stealth
 + Level 4.2 Spellcasting
 + Level 2.6 Conjurations
 + Level 3.7 Air Magic


You had 2 spell levels left.
You knew the following spells:

 Your Spells              Type           Power      Damage    Failure   Level
a - Shock                 Conj/Air       72%        1d7       3%          1
b - Static Discharge      Conj/Air       18%        N/A       4%          2
c - Swiftness             Air            21%        N/A       7%          3
d - Airstrike             Air            10%        N/A       24%         4

Your spell library contained the following spells:

 Spells                   Type           Power      Damage    Failure   Level


Dungeon Overview and Level Annotations

Branches:
Dungeon (3/15)

Altars:
Kikubaaqudgha
Nemelex Xobeh

Annotations:
D:3 Sigmund


Message History

The zap hits something.
Aiming: Shock (safe; 3% risk of failure)
Press: ? - help, Q - select action, (/) - cycle Shift-Dir - straight line The zap hits something.
Something hits you.
Casting: Shock (safe; 3% risk of failure)
Confirm with . or Enter, or press ? or * to list all spells.
You can't see any susceptible monsters within range! (Use Z to cast anyway.)
Casting: Shock (safe; 3% risk of failure)
Confirm with . or Enter, or press ? or * to list all spells.
Something is struck by an arc of lightning.
You are struck by an arc of lightning.
The lightning grounds out.
Something hits you but does no damage.
Casting: Static Discharge (safe; 4% risk of failure)
Confirm with . or Enter, or press ? or * to list all spells.
Something is struck by an arc of lightning!
You are struck by an arc of lightning.
The lightning grounds out.
You hear some strange, mumbled words.
A puff of flame appears from out of thin air!
The puff of flame hits you.
Casting: Static Discharge (safe; 4% risk of failure)
Confirm with . or Enter, or press ? or * to list all spells.
Something is struck by an arc of lightning.
You are struck by an arc of lightning.
The lightning grounds out.
Something hits you but does no damage.
Casting: Static Discharge (safe; 4% risk of failure)
Confirm with . or Enter, or press ? or * to list all spells.
Something is struck by an arc of lightning.
The lightning grounds out.
Sigmund appears from thin air!
Reactivating autopickup.
Sigmund mumbles some strange words.
Sigmund flickers and vanishes!
Deactivating autopickup; reactivate with Ctrl-A.
A magic dart appears from out of thin air!
The magic dart hits you.
* * * LOW HITPOINT WARNING * * *
Something tries to affect you, but you resist.
A puff of flame appears from out of thin air!
The puff of flame hits you!
You die...

#..#.##.#
#.....#.##
#....##.# #.....#
## #.......#
#.....#.#.
###.#####
#..<..#.#. #.#
#######... #.#
###. #.# ##### #.
#.# #...# #.
#@####...########.
#(....{...........
####.......#######
#.......#
###...### #...#
#####


There were no monsters in sight!

Vanquished Creatures
  Robin (D:2)
  3 adders
  2 gnolls (D:1)
  2 worms
  2 dart slugs (D:1)
  An orc (D:3)
  4 ball pythons
  10 bats
  9 endoplasms
  A giant cockroach (D:1)
  16 goblins
  6 hobgoblins
  A jackal (D:3)
  6 kobolds
  5 quokkas
  6 frilled lizards (D:1)
  6 rats
81 creatures vanquished.

Vanquished Creatures (others)
  3 plants (D:1)
3 creatures vanquished.

Grand Total: 84 creatures vanquished

Notes
Turn   | Place    | Note
-------+----------+-------------------------------------------
     0 | D:1      | Woods the Deep Elf Air Elementalist began the quest for the
                  | Orb.
     0 | D:1      | Reached XP level 1. HP: 10/10 MP: 6/6
   129 | D:1      | Reached XP level 2. HP: 13/15 MP: 1/8
   378 | D:1      | Learned a level 2 spell: Static Discharge
   386 | D:1      | Reached XP level 3. HP: 19/19 MP: 6/9
  1132 | D:1      | Found a faded altar of an unknown god.
  1909 | D:2      | Reached XP level 4. HP: 24/24 MP: 8/11
  1942 | D:2      | Noticed Robin
  1965 | D:2      | Killed Robin
  2109 | D:2      | Learned a level 3 spell: Swiftness
  2114 | D:2      | Learned a level 4 spell: Airstrike
  2379 | D:2      | Reached skill level 4 in Spellcasting
  3036 | D:3      | Reached XP level 5. HP: 19/28 MP: 2/13
  3336 | D:3      | Noticed Sigmund
  3486 | D:3      | Found an ancient bone altar of Kikubaaqudgha.
  3486 | D:3      | Found a sparkling altar of Nemelex Xobeh.
  3869 | D:3      | Killed from afar by Sigmund

Illustrated notes

Levels and vault maps discovered:
D:1:      minmay_arrival_stone_box, layout_loops_cross, serial_forest,
          infiniplex_forest_clump_small, infiniplex_forest_lined_2,
          infiniplex_forest_corner_2, infiniplex_forest_end_2,
          infiniplex_forest_lined_room_2, infiniplex_forest_clump_tiny,
          infiniplex_forest_clump_medium, infiniplex_forest_clump_double,
          infiniplex_forest_join, infiniplex_forest_end_2,
          ebering_ecumenical_altar_mist
D:2:      layout_rooms, minmay_tall_x, uniq_robin
D:3:      layout_loops_cross, jmf_multi_god_temple, minmay_misc_feat_room,
          uniq_sigmund

Skill      XL: |  1  2  3  4 |
---------------+-------------+-----
Stealth        | 3 |  3.7
Dodging        | 3 |  3.5
Conjurations   | 2 |  2.6
Spellcasting   | 4 |  4.2
Air Magic      | |  3.7

Action                   |  1- 3 |  4- 6 || total
-------------------------+-------+-------++-------
Melee: Unarmed           |       |     1 ||     1
 Cast: Shock             |    50 |    67 ||   117
       Static Discharge  |     8 |    22 ||    30
Armor: Robe              |     5 |     5 ||    10
Dodge: Dodged            |    12 |    13 ||    25
